 Dungeon Crawl Stone Soup version 0.22.0-6-g71bd7aa (webtiles) character file.

60321 HaroldButt the Dancer (level 14, -1/70 HPs)
             Began as a Vine Stalker Assassin on Aug 13, 2018.
             Was an Elder of Uskayaw.
             Shot with a bolt by a yaktaur (10 damage)
             ... on level 13 of the Dungeon on Aug 14, 2018.
             The game lasted 01:37:27 (18000 turns).

HaroldButt the Dancer (Vine Stalker Assassin)      Turns: 18000, Time: 01:37:30

Health: -1/70      AC: 29    Str: 19    XL:     14   Next: 98%
Magic:  0/26       EV: 13    Int: 11    God:    Uskayaw [****..]
Gold:   1116       SH:  4    Dex: 16    Spells: 13/13 levels left

rFire    + + .     SeeInvis .   v - +6 rapier (freeze)
rCold    + + .     Gourm    .   (no shield)
rNeg     . . .     Faith    .   O - +11 scale mail of Wisdom {rPois rC++}
rPois    +         Spirit   +   S - +1 helmet
rElec    .         Reflect  +   U - +2 cloak {rF+}
rCorr    .         Harm     .   W - +0 pair of gloves (curse)
MR       ++...                  Y - +2 pair of boots
Stlth    ++........             a - +4 amulet of reflection
HPRegen  1.01/turn              l - ring of protection from magic
MPRegen  0.20/turn              P - ring "Beluluk" {rPois rF+ Slay+2}

@: no status effects
A: fangs 3, regeneration 2, magic shield, antimagic bite, no potion heal 3, rot
immunity
a: Stomp, Line Pass, Renounce Religion


You were on level 13 of the Dungeon.
You worshipped Uskayaw.
Uskayaw was pleased with you.
You were near starving.

You visited 4 branches of the dungeon, and saw 21 of its levels.
You also visited: Sewer, Ossuary and Volcano.

You collected 2321 gold pieces.
You spent 1205 gold pieces at shops.


Innate Abilities, Weirdness & Mutations

You have razor-sharp teeth.
You heal very quickly.
When hurt, damage is shared between your health and your magic reserves.
Your bite disrupts and absorbs the magic of your enemies.
Potions cannot restore your health.
You are immune to rotting.


   Skills:
 - Level 6.0 Fighting
 - Level 14.2 Short Blades
 - Level 1.7 Throwing
 + Level 7.3 Armour
 - Level 5.3 Dodging
 - Level 4.8 Stealth
 + Level 15.8 Invocations


You had 13 spell levels left.
You didn't know any spells.
Your spell library contained the following spells:

 Spells                   Type           Power        Failure   Level  Hunger
 Invisibility             Hex            #.......     100%        6    #######
 Summon Ice Beast         Ice/Summ       #.......     100%        4    #####..
 Swiftness                Chrm/Air       #.......     80%         2    ###....
 Spider Form              Tmut/Pois      #.........   95%         3    ####...
 Blade Hands              Tmut           #.........   100%        5    ######.
 Ice Form                 Ice/Tmut       #.......     100%        4    #####..
 Passwall                 Tmut/Erth      #.......     80%         2    ###....
 Sticks to Snakes         Tmut           #.......     80%         2    ###....
 Call Canine Familiar     Summ           #.......     95%         3    ####...
 Summon Butterflies       Summ           #.......     67%         1    ##.....
 Lee's Rapid Deconstruct  Erth           #.........   100%        5    ######.
 Passage of Golubria      Tloc           N/A          100%        4    #####..
 Summon Hydra             Summ           #.........   100%        7    #######
 Darkness                 Hex            #.........   100%        6    #######
 Beastly Appendage        Tmut           #.....       67%         1    ##.....
 Summon Mana Viper        Hex/Summ       #.......     100%        5    ######.

Inventory:

Hand Weapons
 c - a +2 dagger of speed
 e - a +0 rapier of draining
 q - the +8 autumn katana {slice, Clar}

   It inflicts extra damage upon your enemies.
   It protects you against confusion.
 v - a +6 rapier of freezing (weapon)
 I - a +1 dagger of draining
Missiles
 i - 2 throwing nets {=f}
Armour
 O - the +11 scale mail of Wisdom (worn) {rPois rC++}

   It greatly protects you from cold.
   It protects you from poison.
 S - a +1 helmet (worn)
 U - a +2 cloak of fire resistance (worn)
 W - a cursed +0 pair of gloves (worn)
 Y - a +2 pair of boots (worn)
Jewellery
 a - a +4 amulet of reflection (around neck)
 d - an uncursed ring of flight
 l - a ring of protection from magic (left hand)
 z - an uncursed ring of resist corrosion
 P - the ring "Beluluk" (right hand) {rPois rF+ Slay+2}

   [ring of slaying]

   It affects your accuracy and damage with ranged weapons and melee attacks
   (+2).
   It protects you from fire.
   It protects you from poison.
 R - an uncursed ring of stealth
Wands
 n - a wand of acid (6)
 L - a wand of clouds (6)
 Q - a wand of digging (5)
 X - a wand of flame (24)
Scrolls
 j - 12 scrolls of remove curse
 s - 6 scrolls of teleportation {@r4}
 t - 2 scrolls of amnesia
 y - 2 scrolls of magic mapping
 B - 6 scrolls of enchant weapon
 C - 4 scrolls of fear
 D - 2 scrolls of fog
 H - 5 scrolls of identify {@r1}
 J - 3 scrolls of blinking
 M - 4 scrolls of immolation {!r}
Potions
 h - 6 potions of curing {@q1}
 k - a potion of magic
 m - 5 potions of flight
 p - 4 potions of might
 r - 4 potions of cancellation
 u - 3 potions of haste {@q3}
 w - a potion of invisibility
 x - 2 potions of mutation {!q}
 A - 2 potions of lignification {!q}
 G - a potion of agility
 K - 2 potions of berserk rage {!q}
 N - 2 potions of ambrosia
 T - 2 potions of resistance
Miscellaneous
 E - 2 phantom mirrors
Comestibles
 g - 44 rations

Dungeon Overview and Level Annotations

Branches:
Dungeon (13/15)            Temple (1/1) D:6            Lair (5/6) D:8
 Shoals (0/4) Lair:3       Spider (0/4) Lair:2          Orc (2/2) D:10
    Elf (0/3) Orc:2
  Slime: Lair:5-6    Vaults: D:13-14

Altars:
Ashenzari
Cheibriados
Dithmenos
Elyvilon
Fedhas
Gozag
Hepliaklqana
Kikubaaqudgha
Makhleb
Nemelex Xobeh
Okawaru
Qazlal
Sif Muna
Trog
Uskayaw
Vehumet
Xom
Yredelemnul
Zin
Beogh

Shops:
D:4 (:%:?   D:5 (   D:8 ?   D:9 !   D:11 [   D:13 [   Orc:1 *   Orc:2 :(:!

Portals:
Bazaar: Orc:2

Annotations:
D:12 2 runed doors, Lew's ghost, journeyman GrFi

▒▒......▒.▒▒▒.▒▒▒▒▒▒▒.▒▒▒▒
.........................▒
..............▒▒▒▒▒▒▒.▒▒▒▒
...............▒ ▒.▒
.......D..▒▒▒..▒ ▒.▒
.......▒▒▒▒▒▒c.▒ ▒.▒
▒..............▒▒▒ ▒.▒
.............c..)▒ ▒.▒
...(..▒▒▒▒▒▒...▒f▒ ▒.▒
.....D▒ ▒...▒.▒ ▒.▒
......▒ ▒...▒.▒▒▒▒.▒
..c..!.. ............▒
......▒▒▒▒▒▒.▒.▒.▒▒▒▒.▒
....... .........▒.▒
c▒c..... ▒▒▒▒.▒.▒▒.▒.▒
......... ▒.▒▒.▒.▒▒
▒.......▒


You could see 2 yaktaurs.


Message History

You freeze the yaktaur. Your bite misses the yaktaur.
The yaktaur is almost dead.
You hit the yaktaur. You freeze the yaktaur.
You kill the yaktaur!
You can now merge with and destroy a victim.
You puncture the yaktaur! You freeze the yaktaur.
The yaktaur is severely wounded.
The yaktaur wields an arbalest.
The yaktaur shoots a bolt.
The bolt hits you but does no damage.
You hit the yaktaur. You freeze the yaktaur.
The yaktaur is almost dead.
The yaktaur hits you.
* * * LOW HITPOINT WARNING * * *
Use which ability? (? or * to list)
You stomp with the beat, sending a shockwave through the revelers around you!
You kill the yaktaur!
You are near starving!
You can no longer merge with and destroy a victim.
The yaktaur is no longer sharing its pain.
The yaktaur shoots a bolt.
The bolt hits you!
* * * LOW HITPOINT WARNING * * *
The yaktaur shoots a bolt.
The bolt hits you!
You die...

Action                   |  1- 3 |  4- 6 |  7- 9 | 10-12 | 13-15 || total
-------------------------+-------+-------+-------+-------+-------++-------
Melee: Dagger            |    85 |   155 |   391 |       |       ||   631
       Bite              |    20 |    30 |   164 |   231 |   285 ||   730
       Rapier            |       |       |   102 |   745 |   780 ||  1627
 Fire: Blowgun           |       |       |     2 |       |       ||     2
Invok: Stomp             |       |       |       |     1 |    15 ||    16
Evoke: Wand              |       |       |       |       |     1 ||     1
  Use: Scroll            |       |     8 |     5 |    13 |     4 ||    30
       Potion            |       |       |       |     1 |     1 ||     2
 Stab: Sleeping          |     7 |       |       |     2 |     6 ||    15
       Distracted        |     1 |       |       |     1 |     2 ||     4
       Paralysed         |       |       |     4 |    32 |    50 ||    86
  Eat: Chunk             |     1 |     5 |    10 |    22 |    24 ||    62
Armor: Ring mail         |    31 |       |       |       |       ||    31
       Robe              |     2 |       |       |       |       ||     2
       Chain mail        |       |    70 |   158 |   230 |       ||   458
       Scale mail        |       |       |       |    75 |   293 ||   368
Dodge: Dodged            |    43 |    50 |    74 |   265 |   314 ||   746
Block: Other             |       |       |       |       |    16 ||    16
       Reflection        |       |       |       |       |     3 ||     3

Vault maps used:
D:1:      onia_arrival_handbag, minivault_5, serial_bayou_ford_a
D:2:      lemuel_coloured_pillars_altar
D:3:      grunt_temple_overflow_order_and_chaos_2, first_ration
D:4:      nicolae_dithmenos_the_darkroom, serial_shops, kennysheep_mini, shop,
          shop, shop_statue, shop
D:5:      elyvilon_altar_1, kiku_gazebo_garden_becter, okawaru_gym_becter,
          serial_shops, nicolae_shop_crystal, gup_sewer_entry_bowl,
          nicolae_gozag_cash_rules_everything_around_me
D:6:      gammafunk_temple_overflow_pools, minmay_temple_entry_hall,
          minmay_tree_intersection, minivault_11, st_stairs_9, uniq_edmund,
          uniq_eustachio
D:7:      kennysheep_little_box, lemuel_doored_altar, enter_ossuary_4,
          uniq_harold
D:8:      overflow_temple_1_default, due_lair_maze_entry_diamond, serial_shops,
          nicolae_shop_competitors_out_of_business, basic_altar
D:9:      cheibrodos_ashenzari_chains, serial_shops, nicolae_shop_behind_doors,
          hangedman_pestilent_swarm
D:10:     orc_0_dummy, pond, uniq_sonja
D:11:     serial_shops, shop
D:12:     muffindrake_ghost_dual_entry, hangedman_tree_tricks
D:13:     grunt_vaults_entry_tiered, serial_shops,
          nicolae_shop_overgrown_old_shop
Temple:   dpeg_three_leaves_temple
Lair:1:   minmay_holes
Lair:2:   cheibrodos_lair_overgrown_chateau, spider_nest_entry_web_field,
          kennysheep_snail_temple, uniq_urug
Lair:3:   statuecave_lemuel, minmay_shoals_entry_lonely_mermaid, basic_altar,
          nicolae_volcano_entry_hallway, lemuel_fruit_tree,
          infiniplex_staircase_pool
Orc:1:    serial_shops, nicolae_shop_crystal, mines_bat_river
Orc:2:    kennysheep_orc_mage_school, serial_shops, statue_bzr
Sewer:    sewer_frog_island_01
Ossuary:  ossuary_zaba_flooded
Volcano:  pf_volcano_lost_world

Notes
Turn   | Place    | Note
-------+----------+-------------------------------------------
     0 | D:1      | HaroldButt the Vine Stalker Assassin began the quest for the Orb.
     0 | D:1      | Reached XP level 1. HP: 11/11 MP: 2/2
     6 | D:1      | Reached skill level 2 in Short Blades
    16 | D:1      | Reached XP level 2. HP: 15/15 MP: 3/3
   300 | D:1      | Reached skill level 3 in Short Blades
   300 | D:1      | Reached XP level 3. HP: 18/18 MP: 4/4
  1239 | D:2      | Gained mutation: Your natural rate of healing is unusually fast. [Vine Stalker growth]
  1239 | D:2      | Reached XP level 4. HP: 22/23 MP: 5/5
  1308 | D:2      | Reached skill level 4 in Short Blades
  1395 | D:2      | Reached skill level 2 in Fighting
  1928 | D:2      | Found a basalt altar of Yredelemnul.
  2150 | D:3      | Found a burning altar of Makhleb.
  2163 | D:3      | Found a glowing silver altar of Zin.
  2163 | D:3      | Noticed an angel
  2163 | D:3      | Noticed a cacodemon
  2293 | D:3      | Reached XP level 5. HP: 25/27 MP: 6/6
  2466 | D:4      | Reached skill level 3 in Fighting
  2502 | D:4      | Found Yhiel's Book Boutique.
  2504 | D:4      | Noticed an ogre
  2560 | D:3      | Killed an ogre
  2560 | D:3      | Reached skill level 4 in Fighting
  2560 | D:3      | Reached XP level 6. HP: 24/34 MP: 4/7
  2625 | D:4      | Found Cipyulep's Weapon Boutique.
  2816 | D:4      | Reached skill level 5 in Short Blades
  2848 | D:4      | Reached XP level 7. HP: 37/38 MP: 8/8
  2872 | D:4      | Found a shadowy altar of Dithmenos.
  2936 | D:4      | Found Sugryczu's Book Shoppe.
  2945 | D:4      | Found Oskaggatz's Food Boutique.
  3029 | D:4      | Found the +8 autumn katana {slice, Clar}
  3103 | D:4      | Found Liczueju's Magic Scroll Emporium.
  3111 | D:4      | Bought a scroll of teleportation for 33 gold pieces
  3330 | D:5      | Entered Level 5 of the Dungeon
  3361 | D:5      | Found an ancient bone altar of Kikubaaqudgha.
  3404 | D:5      | Found an iron altar of Okawaru.
  3440 | D:5      | Found an opulent altar of Gozag.
  3539 | D:5      | Found a white marble altar of Elyvilon.
  3596 | D:5      | Found Inuam's Weapon Boutique.
  3660 | D:5      | Reached skill level 6 in Short Blades
  3764 | D:5      | Found a glowing drain.
  3768 | Sewer    | Entered a sewer
  4038 | Sewer    | Reached skill level 7 in Short Blades
  4038 | Sewer    | Gained mutation: You have razor-sharp teeth. [Vine Stalker growth]
  4038 | Sewer    | Reached XP level 8. HP: 42/42 MP: 9/9
  4668 | D:6      | Reached skill level 8 in Short Blades
  4994 | D:6      | Reached skill level 9 in Short Blades
  5092 | D:6      | Noticed Edmund
  5120 | D:6      | Killed Edmund
  5120 | D:6      | Reached XP level 9. HP: 23/46 MP: 10/10
  5193 | D:5      | Bought a +5 rapier of freezing for 410 gold pieces
  5307 | D:6      | Found a staircase to the Ecumenical Temple.
  5318 | Temple   | Entered the Ecumenical Temple
  5326 | Temple   | Became a worshipper of Uskayaw the Reveler
  5414 | D:6      | Reached * piety under Uskayaw
  5470 | D:6      | Found an opulent altar of Gozag.
  5470 | D:6      | Found a hazy altar of Hepliaklqana.
  5471 | D:6      | Noticed Eustachio
  5478 | D:6      | Reached ** piety under Uskayaw
  5480 | D:6      | Killed Eustachio
  5480 | D:6      | Reached skill level 10 in Short Blades
  5480 | D:6      | Reached skill level 1 in Invocations
  5746 | D:7      | Found a bloodstained altar of Trog.
  5803 | D:7      | Noticed Harold
  5816 | D:7      | Reached *** piety under Uskayaw
  5817 | D:7      | Killed Harold
  5817 | D:7      | Reached skill level 2 in Armour
  5817 | D:7      | Reached skill level 4 in Invocations
  5870 | D:7      | Reached skill level 3 in Armour
  5881 | D:7      | Reached **** piety under Uskayaw
  5928 | D:7      | Found a sand-covered staircase.
  5940 | Ossuary  | Entered an ossuary
  5975 | Ossuary  | Reached skill level 5 in Invocations
  5987 | Ossuary  | Reached ***** piety under Uskayaw
  6009 | Ossuary  | Reached XP level 10. HP: 51/51 MP: 14/14
  6034 | Ossuary  | Reached skill level 4 in Armour
  6062 | Ossuary  | Reached skill level 1 in Dodging
  6200 | Ossuary  | Reached skill level 2 in Dodging
  6323 | D:7      | Reached skill level 6 in Invocations
  6510 | D:7      | Found a deep blue altar of Sif Muna.
  6816 | D:8      | Found a stormy altar of Qazlal.
  6835 | D:8      | Reached skill level 3 in Dodging
  6895 | D:8      | Found a staircase to the Lair.
  6900 | D:8      | Reached skill level 7 in Invocations
  6933 | D:8      | Reached skill level 4 in Dodging
  7117 | D:8      | Got a pair of transparent boots
  7123 | D:8      | Identified the +0 pair of boots "Dowkujump" {Int+3} (You found it on level 8 of the Dungeon)
  7334 | D:8      | Found Leamm's Magic Scroll Boutique.
  7354 | D:8      | Bought a scroll of fog for 30 gold pieces
  7354 | D:8      | Bought a scroll of fear for 52 gold pieces
  7380 | D:8      | Noticed a two-headed ogre
  7384 | D:8      | Found a sparkling altar of Nemelex Xobeh.
  7398 | D:8      | Killed an unseen horror
  7399 | D:8      | Killed a two-headed ogre
  7399 | D:8      | Reached skill level 5 in Dodging
  7399 | D:8      | Reached skill level 8 in Invocations
  7399 | D:8      | Reached XP level 11. HP: 23/54 MP: 15/18
  7553 | D:9      | Found a shattered altar of Ashenzari.
  7867 | D:9      | Found Jonaf's Distillery.
  7870 | D:9      | Bought a potion of agility for 56 gold pieces
  8241 | D:10     | Entered Level 10 of the Dungeon
  8249 | D:10     | Found a staircase to the Orcish Mines.
  8272 | D:10     | Reached skill level 9 in Invocations
  8302 | D:10     | Noticed Sonja
  8318 | D:10     | Killed Sonja
  8682 | D:10     | You fall through a shaft for 3 floors!
  8825 | D:13     | Found Vanorch's Antique Armour Emporium.
  8928 | D:13     | Killed an unseen horror
  8928 | D:13     | Reached skill level 11 in Short Blades
  8998 | D:13     | Reached skill level 10 in Invocations
  9057 | D:13     | Noticed a white ugly thing
  9082 | D:13     | Killed a white ugly thing
  9393 | D:10     | Got a pitted scale mail
  9404 | D:10     | Identified the +11 scale mail of Wisdom {rPois rC++} (You found it on level 10 of the Dungeon)
  9785 | Lair:1   | Entered Level 1 of the Lair of Beasts
  9809 | Lair:1   | Gained mutation: You heal very quickly. [Vine Stalker growth]
  9809 | Lair:1   | Reached XP level 12. HP: 58/58 MP: 20/20
  9941 | Lair:1   | Reached skill level 11 in Invocations
 10384 | Lair:1   | Reached skill level 12 in Short Blades
 10703 | Lair:2   | Found a hole to the Spider Nest.
 10746 | Lair:2   | Noticed a six-headed hydra
 10756 | Lair:2   | Killed a six-headed hydra
 10804 | Lair:2   | Got a crude marble ring
 10806 | Lair:2   | Identified the ring "Beluluk" {rPois rF+ Slay+2} (You found it on level 2 of the Lair of Beasts)
 10861 | Lair:2   | Noticed Urug
 10872 | Lair:2   | Found a snail-covered altar of Cheibriados.
 10884 | Lair:2   | Killed Urug
 10884 | Lair:2   | Reached skill level 12 in Invocations
 11008 | Lair:2   | Noticed a six-headed hydra
 11015 | Lair:2   | Killed a six-headed hydra
 11080 | Lair:2   | Reached skill level 13 in Short Blades
 11135 | Lair:2   | Reached XP level 13. HP: 63/63 MP: 23/23
 11467 | Lair:2   | Reached skill level 13 in Invocations
 11686 | Lair:3   | Found a dark tunnel.
 11706 | Volcano  | Entered a volcano
 11781 | Volcano  | Identified a potion of resistance
 11929 | Volcano  | Noticed a fire dragon
 11953 | Volcano  | Killed a fire dragon
 12030 | Volcano  | Reached skill level 14 in Short Blades
 12192 | Lair:3   | Found a staircase to the Shoals.
 12428 | Lair:3   | Found a radiant altar of Vehumet.
 12441 | Lair:3   | Reached skill level 14 in Invocations
 13147 | Lair:4   | Reached skill level 5 in Fighting
 13593 | Lair:5   | Reached XP level 14. HP: 67/68 MP: 25/25
 13979 | Lair:5   | Reached skill level 6 in Fighting
 14759 | D:11     | Reached skill level 5 in Armour
 14793 | D:11     | Found Onlaihi's Armour Shop.
 14800 | D:11     | Bought a +2 pair of boots for 264 gold pieces
 15311 | D:12     | Found a runed door.
 15408 | D:12     | Found a blossoming altar of Fedhas.
 15556 | D:12     | Reached skill level 15 in Invocations
 15762 | D:12     | Noticed a sphinx
 15763 | D:12     | Noticed a lich
 15764 | D:12     | Noticed a sphinx
 15764 | D:12     | Noticed Lew's ghost (journeyman GrFi)
 15877 | D:12     | Found a runed door.
 16169 | Orc:1    | Entered Level 1 of the Orcish Mines
 16235 | Orc:2    | Entered Level 2 of the Orcish Mines
 16312 | Orc:2    | Found a gateway to a bazaar.
 16348 | Orc:2    | Found a staircase to the Elven Halls.
 16423 | Orc:2    | Noticed an orc warlord
 16455 | Orc:2    | Killed an orc warlord
 16460 | Orc:2    | Reached skill level 6 in Armour
 16462 | Orc:2    | Reached ****** piety under Uskayaw
 16653 | Orc:1    | Found Butor's Assorted Antiques.
 16717 | Orc:1    | Bought a runed garnet amulet for 115 gold pieces
 17101 | Orc:2    | Found Qimod's Distillery.
 17131 | Orc:2    | Found an ancient bone altar of Kikubaaqudgha.
 17208 | Orc:2    | Found Vewn's Antique Weapon Shop.
 17225 | Orc:2    | Found a radiant altar of Vehumet.
 17303 | Orc:2    | Bought a runed rapier for 245 gold pieces
 17321 | Orc:2    | Found a roughly hewn altar of Beogh.
 17321 | Orc:2    | Found Jiv Xopt's Book Shop.
 17323 | Orc:2    | Found Suachyol's Book Boutique.
 17633 | D:13     | Upgraded the game from 0.22.0-5-gf09313c to 0.22.0-6-g71bd7aa
 17863 | D:13     | Reached skill level 7 in Armour
 18000 | D:13     | Shot with a bolt by a yaktaur

Vanquished Creatures
  An orc warlord (Orc:2)
  A fire dragon (Volcano)
  Harold (D:7)
  3 ogre magi (Orc:2)
  6 hydras
  A catoblepas (D:13)
  4 two-headed ogres
  Urug (Lair:2)
  Sonja (D:10)
  3 unseen horrors
  A lindwurm (Lair:2)
  3 ugly things
  2 oklob plants (D:12)
  A cyclops (Orc:1)
  3 salamanders (Volcano)
  8 orc sorcerers
  A manticore (D:11)
  A merfolk siren (Lair:3)
  4 elephants (Lair:5)
  2 ice statues
  6 black mambas
  10 spiny frogs
  5 torpor snails (Lair:2)
  5 komodo dragons
  2 trolls
  3 yaktaurs (D:13)
  3 hippogriffs
  8 blink frogs (Lair:2)
  3 slime creatures (D:11)
  4 hornets (Lair:2)
  2 shadows
  2 wraiths
  6 wyverns
  Eustachio (D:6)
  3 basilisks (Lair:5)
  22 yaks
  4 fire bats (Volcano)
  4 hungry ghosts
  2 steam dragons (Volcano)
  2 acid dragons
  A warg (Orc:2)
  17 water moccasins
  Edmund (D:6)
  11 porcupines
  2 soldier ants (D:9)
  14 orc warriors
  2 ice beasts
  6 black bears
  A hornet zombie (Ossuary)
  A phantom (D:9)
  2 sky beasts
  10 ogres
  10 centaurs
  23 crocodiles
  4 wolves (Lair:2)
  A big kobold (D:8)
  25 bullfrogs
  A gnoll sergeant (Orc:2)
  A wyvern zombie (Ossuary)
  A wyvern skeleton (D:11)
  8 scorpions
  21 killer bees
  9 wights
  2 howler monkeys
  4 centaur zombies
  6 crimson imps
  3 bullfrog zombies
  6 hounds
  4 jellies
  10 orc priests
  A bullfrog skeleton (D:7)
  2 centaur skeletons
  6 iguanas
  18 mummies (Ossuary)
  25 orc wizards
  10 worker ants
  2 killer bee zombies
  3 hound zombies
  A hound skeleton (D:10)
  A howler monkey zombie (D:6)
  4 worker ant zombies
  11 gnolls
  19 adders
  2 river rats
  2 shadow imps
  3 oozes
  2 adder zombies
  A worm (D:9)
  2 adder skeletons
  2 dart slugs
  10 leopard geckos
  72 orcs
  5 ball pythons
  14 bats
  8 giant cockroaches
  8 goblins
  7 hobgoblins
  4 jackals (D:7)
  9 kobolds
  4 quokkas
  9 frilled lizards
  A goblin zombie (D:7)
  A jackal zombie (Ossuary)
  A leopard gecko zombie (Ossuary)
  8 rats
  A rat zombie (D:7)
  2 plants
633 creatures vanquished.

Vanquished Creatures (others)
  An unseen horror (D:11)
  An orc (Orc:1)
  6 fungi
  32 plants
  3 withered plants (Ossuary)
43 creatures vanquished.

Grand Total: 676 creatures vanquished
